[Event "RUS-ch Men Rapid 2019"]
[Site "Sochi"]
[Date "2019.10.15"]
[Round "1.32"]
[White "Udovenko, Dmitry"]
[Black "Goryachkina, Aleksandra"]
[Result "0-1"]
[ECO "B13"]
[WhiteElo "1931"]
[BlackElo "2504"]
[Annotator "ChessBase"]
[PlyCount "62"]
[EventDate "2019.10.15"]
[EventType "swiss"]
[EventCountry "RUS"]
[SourceTitle "playchess.com"]
[Source "ChessBase"]
[SourceQuality "1"]
[TimeControl "900+10"]

1. e4 c6 2. d4 d5 3. exd5 cxd5 4. Bf4 Nc6 5. c3 Nf6 6. Bd3 Bg4 7. Qb3 Qd7 8. Nd2 e6 9. Ngf3 Bd6 10. Ne5 Qc7 11. Nxg4 Nxg4 12. Bxd6 Qxd6 13. Nf3 O-O 14. h3 Nf6 15. O-O Rab8 16. Rae1 Nd7 17. Qc2 h6 18. Qe2 Rfc8 19. Bb1 b5 20. Qd3 Nf8 21. Ne5 b4 22. f4 bxc3 23. bxc3 Ne7 24. Qf3 Nf5 25. g4 Ne7 26. f5 exf5 27. Bxf5 Nxf5 28. Qxf5 f6 29. Ng6 Nxg6 30. Qxg6 Qg3+ 31. Kh1 Rb2 0-1

[Event "RUS-ch Men Rapid 2019"]
[Site "Sochi"]
[Date "2019.10.15"]
[Round "2.2"]
[White "Bocharov, Dmitry"]
[Black "Kovalchuk, Alexey"]
[Result "0-1"]
[ECO "A13"]
[WhiteElo "2673"]
[BlackElo "2388"]
[Annotator "RC"]
[PlyCount "62"]
[EventDate "2019.10.15"]
[EventType "swiss"]
[EventCountry "RUS"]
[SourceTitle "playchess.com"]
[Source "ChessBase"]
[SourceQuality "1"]
[TimeControl "900+10"]

1. c4 e6 2. Nf3 d5 3. g3 dxc4 4. Bg2 c5 5. Ne5 Nf6 6. Na3 Be7 7. Naxc4 O-O 8. O-O Nd5 9. d4 f6 10. Nf3 Nc6 11. dxc5 Bxc5 12. a3 b5 13. Ncd2 Bb6 14. Nb3 Bb7 15. e4 Nc7 16. Qe2 e5 17. Be3 Bxe3 18. Qxe3 Ne6 19. Rfd1 Qe7 20. Bh3 Rad8 21. Bxe6+ Qxe6 22. Nc5 Qe7 23. Qb3+ Kh8 24. Qxb5 Ba8 25. b4 f5 26. Rxd8 Rxd8 27. exf5 e4 28. Nh4 Nd4 29. Qc4 e3 30. fxe3 Qxe3+ 31. Kf1 Nf3 0-1

[Event "RUS-ch Men Rapid 2019"]
[Site "Sochi"]
[Date "2019.10.15"]
[Round "2.3"]
[White "Sadovsky, Artem"]
[Black "Tsydypov, Zhamsaran"]
[Result "1/2-1/2"]
[ECO "A05"]
[WhiteElo "2411"]
[BlackElo "2671"]
[Annotator "RC"]
[PlyCount "111"]
[EventDate "2019.10.15"]
[EventType "swiss"]
[EventCountry "RUS"]
[SourceTitle "playchess.com"]
[Source "ChessBase"]
[SourceQuality "1"]
[TimeControl "900+10"]

1. Nf3 Nf6 2. g3 g6 3. Bg2 Bg7 4. O-O O-O 5. c4 d6 6. Nc3 Nc6 7. Rb1 e5 8. d3 a5 9. a3 h6 10. b4 axb4 11. axb4 Be6 12. b5 Ne7 13. Bb2 c6 14. bxc6 bxc6 15. c5 dxc5 16. Nxe5 Qc7 17. Nc4 Rfd8 18. Qc1 Bxc4 19. dxc4 Nf5 20. e3 Nd6 21. Ne2 Ra4 22. Be5 Nfe8 23. Bxg7 Nxg7 24. Rd1 Ne6 25. Nc3 Rxc4 26. Qa3 Nb5 27. Rxd8+ Qxd8 28. Nxb5 cxb5 29. Qa6 Qd3 30. Ra1 Ra4 31. Rxa4 Qd1+ 32. Bf1 bxa4 33. Kg2 Kg7 34. Bc4 Ng5 35. Qb7 Qg4 36. f4 a3 37. Qd5 a2 38. fxg5 Qxc4 39. gxh6+ Kxh6 40. Qxc4 a1=Q 41. Qxf7 Qa8+ 42. Qf3 Qa2+ 43. Kh3 Qe6+ 44. g4 c4 45. Qf4+ Kh7 46. Kg3 Qe7 47. Qxc4 Qxe3+ 48. Kg2 Qd2+ 49. Kg1 Qe3+ 50. Kg2 Qd2+ 51. Kf3 Qxh2 52. Qf7+ Kh8 53. Qf6+ Kh7 54. Qf7+ Kh8 55. Qxg6 Qf4+ 56. Kxf4 1/2-1/2

[Event "RUS-ch Men Rapid 2019"]
[Site "Sochi"]
[Date "2019.10.15"]
[Round "2.10"]
[White "Moiseenko, Vadim"]
[Black "Dudin, Gleb"]
[Result "1-0"]
[ECO "B06"]
[WhiteElo "2595"]
[BlackElo "2314"]
[Annotator "ChessBase"]
[PlyCount "35"]
[EventDate "2019.10.15"]
[EventType "swiss"]
[EventCountry "RUS"]
[SourceTitle "playchess.com"]
[Source "ChessBase"]
[SourceQuality "1"]
[TimeControl "900+10"]

1. e4 g6 2. f4 Bg7 3. Nf3 d5 4. Nc3 dxe4 5. Nxe4 b6 6. Bb5+ c6 7. Bc4 Nf6 8. Nxf6+ exf6 9. Qe2+ Qe7 10. Qxe7+ Kxe7 11. b3 f5 12. Ba3+ c5 13. O-O-O Be6 14. Rhe1 Kd7 15. Bxe6+ fxe6 16. d4 c4 17. d5 exd5 18. Re7+ 1-0

[Event "RUS-ch Men Rapid 2019"]
[Site "Sochi"]
[Date "2019.10.15"]
[Round "2.11"]
[White "Gogolev, Artem"]
[Black "Lysyj, Igor"]
[Result "0-1"]
[ECO "E07"]
[WhiteElo "2339"]
[BlackElo "2588"]
[Annotator "ChessBase"]
[PlyCount "70"]
[EventDate "2019.10.15"]
[EventType "swiss"]
[EventCountry "RUS"]
[SourceTitle "playchess.com"]
[Source "ChessBase"]
[SourceQuality "1"]
[TimeControl "900+10"]

1. d4 d5 2. c4 e6 3. g3 Nf6 4. Bg2 Be7 5. Nf3 O-O 6. O-O Nbd7 7. Nc3 dxc4 8. e4 b5 9. Nxb5 Bb7 10. Nd2 Nb6 11. e5 Bxg2 12. exf6 Bxf6 13. Kxg2 Qd5+ 14. Kg1 Qxb5 15. Ne4 Be7 16. a4 Qc6 17. Qc2 Nd5 18. Nc5 Rab8 19. Rd1 Bxc5 20. Qxc4 Rb4 21. Qxc5 Qxc5 22. dxc5 Rfb8 23. Ra3 Rc4 24. Rad3 Rxa4 25. Be3 Rxb2 26. c6 h5 27. Rxd5 exd5 28. Rxd5 Rc2 29. Rd8+ Kh7 30. Rd7 Rxc6 31. Rxf7 a5 32. Bf4 h4 33. Kg2 hxg3 34. hxg3 Kg6 35. Rd7 Rxf4 0-1

[Event "RUS-ch Men Rapid 2019"]
[Site "Sochi"]
[Date "2019.10.15"]
[Round "2.12"]
[White "Yudin, Sergei"]
[Black "Yatzenko, Anton"]
[Result "1/2-1/2"]
[ECO "C50"]
[WhiteElo "2577"]
[BlackElo "2383"]
[Annotator "ChessBase"]
[PlyCount "72"]
[EventDate "2019.10.15"]
[EventType "swiss"]
[EventCountry "RUS"]
[SourceTitle "playchess.com"]
[Source "ChessBase"]
[SourceQuality "1"]
[TimeControl "900+10"]

1. e4 e5 2. Nf3 Nc6 3. Bc4 Bc5 4. d3 Nf6 5. O-O d6 6. c3 a6 7. a4 Ba7 8. Nbd2 h6 9. Re1 O-O 10. a5 Be6 11. Qb3 Qc8 12. Nf1 Bxc4 13. dxc4 Rb8 14. Qc2 Ng4 15. Re2 f5 16. exf5 Qxf5 17. Qxf5 Rxf5 18. h3 Nxf2 19. Rxf2 Bxf2+ 20. Kxf2 e4 21. Ng3 Rxa5 22. Rxa5 Nxa5 23. Nd2 Re8 24. Ke3 b5 25. b3 bxc4 26. bxc4 c6 27. Ba3 d5 28. Bb4 Nxc4+ 29. Nxc4 dxc4 30. Nxe4 g5 31. Kd4 Kg7 32. g3 Kg6 33. Ba5 h5 34. Bb4 Re6 35. g4 h4 36. Ba5 Re7 1/2-1/2

[Event "RUS-ch Men Rapid 2019"]
[Site "Sochi"]
[Date "2019.10.15"]
[Round "2.13"]
[White "Chekletsov, Ilya"]
[Black "Savchenko, Boris"]
[Result "1/2-1/2"]
[ECO "E91"]
[WhiteElo "2377"]
[BlackElo "2560"]
[Annotator "ChessBase"]
[PlyCount "109"]
[EventDate "2019.10.15"]
[EventType "swiss"]
[EventCountry "RUS"]
[SourceTitle "playchess.com"]
[Source "ChessBase"]
[SourceQuality "1"]
[TimeControl "900+10"]

1. d4 Nf6 2. c4 g6 3. Nc3 Bg7 4. e4 d6 5. Nf3 O-O 6. Be2 Na6 7. O-O e5 8. Be3 h6 9. dxe5 Ng4 10. Bd2 Nxe5 11. Nxe5 Bxe5 12. Qc1 Kh7 13. f4 Bg7 14. f5 Nc5 15. f6 Bxf6 16. Bxh6 Bd4+ 17. Kh1 Bg7 18. Bg5 f6 19. Be3 Nd7 20. Qe1 Ne5 21. Qh4+ Kg8 22. c5 Be6 23. Rad1 Qe7 24. Nd5 Qf7 25. Bd4 Bxd5 26. Bxe5 g5 27. Qe1 Bxe4 28. cxd6 cxd6 29. Rxd6 Rae8 30. Bc3 Qe7 31. Bc4+ Kh8 32. Re6 Qxe6 33. Bxe6 Rxe6 34. Qd2 Rfe8 35. Qd1 Bc6 36. Re1 a6 37. Rxe6 Rxe6 38. Kg1 Kg8 39. Kf2 Bf8 40. b4 Re4 41. Qh5 Be8 42. Qd1 Bc6 43. Qh5 Bg7 44. Qg6 Kf8 45. g3 Re6 46. Qf5 Kf7 47. h4 Be4 48. Qc5 Bf8 49. Qc7+ Be7 50. Qc4 b5 51. Qd4 Bg6 52. Qd5 Be4 53. Qd4 Bg6 54. Qd5 Be4 55. Qd4 1/2-1/2

[Event "RUS-ch Men Rapid 2019"]
[Site "Sochi"]
[Date "2019.10.15"]
[Round "2.14"]
[White "Nozdrachev, Vladislav"]
[Black "Ozgibcev, Anatoly"]
[Result "1-0"]
[ECO "C55"]
[WhiteElo "2560"]
[BlackElo "2367"]
[Annotator "ChessBase"]
[PlyCount "105"]
[EventDate "2019.10.15"]
[EventType "swiss"]
[EventCountry "RUS"]
[SourceTitle "playchess.com"]
[Source "ChessBase"]
[SourceQuality "1"]
[TimeControl "900+10"]

1. e4 e5 2. Nf3 Nc6 3. Bc4 Nf6 4. d3 Be7 5. O-O O-O 6. Re1 d6 7. a4 Be6 8. a5 a6 9. Nc3 h6 10. Nd5 Bxd5 11. exd5 Nd4 12. Nxd4 exd4 13. Qf3 Nd7 14. Qg4 Ne5 15. Qxd4 Bf6 16. Qe4 Re8 17. Bd2 Qd7 18. Bb3 Ng4 19. Ba4 Rxe4 20. Bxd7 Rxe1+ 21. Rxe1 Ne5 22. Ba4 Ng6 23. b4 Kf8 24. g3 Ne7 25. Bb3 Rc8 26. c3 c6 27. dxc6 Rxc6 28. d4 d5 29. Kf1 Bg5 30. f4 Bf6 31. Ke2 h5 32. Kd3 g6 33. h3 Rd6 34. g4 hxg4 35. hxg4 Rd8 36. Bc1 Nc6 37. Rf1 Kg8 38. f5 g5 39. Rh1 Kf8 40. Rh5 Ke7 41. Bxg5 Rg8 42. Bxf6+ Kxf6 43. Bxd5 Rxg4 44. Bxc6 bxc6 45. Rh6+ Kxf5 46. Rxc6 Kg5 47. Rxa6 f5 48. Rc6 Rg1 49. a6 Ra1 50. b5 Rd1+ 51. Ke2 Ra1 52. Rc8 f4 53. b6 1-0

[Event "RUS-ch Men Rapid 2019"]
[Site "Sochi"]
[Date "2019.10.15"]
[Round "2.15"]
[White "Shubin, Kirill"]
[Black "Pridorozhni, Aleksei"]
[Result "0-1"]
[ECO "B40"]
[WhiteElo "2416"]
[BlackElo "2554"]
[Annotator "ChessBase"]
[PlyCount "84"]
[EventDate "2019.10.15"]
[EventType "swiss"]
[EventCountry "RUS"]
[SourceTitle "playchess.com"]
[Source "ChessBase"]
[SourceQuality "1"]
[TimeControl "900+10"]

1. e4 c5 2. Nf3 e6 3. g3 d5 4. exd5 exd5 5. d4 Nc6 6. Bg2 Bg4 7. O-O Nxd4 8. Qe1+ Be6 9. Nxd4 cxd4 10. Nd2 Ne7 11. Nb3 Nc6 12. f4 g6 13. g4 Qe7 14. Qg3 f5 15. Re1 O-O-O 16. Bd2 fxg4 17. c3 Qd7 18. Nxd4 Nxd4 19. cxd4 Bd6 20. a4 Kb8 21. a5 a6 22. b4 Bf5 23. Bf1 Rhe8 24. b5 Rxe1 25. Rxe1 axb5 26. Qb3 Qg7 27. Qxb5 Qxd4+ 28. Be3 Qb4 29. a6 d4 30. Bd2 Qxb5 31. Bxb5 bxa6 32. Bxa6 Bc5 33. Rc1 Bb6 34. Rc6 Ka7 35. Bc4 Rc8 36. Rxc8 Bxc8 37. Kg2 Bf5 38. Kg3 h5 39. Bb4 Kb7 40. Be7 Kc6 41. Kh4 d3 42. Kg5 Bg1 0-1

[Event "RUS-ch Men Rapid 2019"]
[Site "Sochi"]
[Date "2019.10.15"]
[Round "2.16"]
[White "Usmanov, Ilnur"]
[Black "Rozum, Ivan"]
[Result "1/2-1/2"]
[ECO "A46"]
[WhiteElo "2144"]
[BlackElo "2551"]
[Annotator "ChessBase"]
[PlyCount "158"]
[EventDate "2019.10.15"]
[EventType "swiss"]
[EventCountry "RUS"]
[SourceTitle "playchess.com"]
[Source "ChessBase"]
[SourceQuality "1"]
[TimeControl "900+10"]

1. d4 Nf6 2. Bg5 e6 3. Nf3 h6 4. Bxf6 Qxf6 5. e4 d6 6. e5 dxe5 7. dxe5 Qe7 8. Nc3 Bd7 9. Bd3 Nc6 10. O-O g5 11. Qe2 Bg7 12. h3 O-O-O 13. Qe3 h5 14. Qxg5 Qxg5 15. Nxg5 Nxe5 16. Bb5 Bxb5 17. Nxb5 a6 18. Na3 Rd7 19. f4 Ng6 20. c3 Nh4 21. Rad1 Rhd8 22. Rxd7 Rxd7 23. Nc4 Nf5 24. g4 hxg4 25. hxg4 Nh6 26. f5 exf5 27. gxf5 Rd5 28. Ne3 Re5 29. Rf3 Bf6 30. Nh3 Rb5 31. Rf2 Bh4 32. Rf4 Bg3 33. Rf3 Bh4 34. Rf4 Be1 35. Rf1 Bg3 36. Rf3 Bd6 37. b4 Re5 38. Nf2 b5 39. Kf1 Kd8 40. Nfg4 Nxg4 41. Nxg4 Re4 42. Nf2 Rc4 43. Ke2 Be5 44. Kd2 Ke7 45. Nd1 Kf6 46. Ne3 Bf4 47. Kd3 Bxe3 48. Rxe3 Kxf5 49. a4 Rc6 50. Rf3+ Ke6 51. Re3+ Kd7 52. axb5 axb5 53. Re5 Rd6+ 54. Kc2 c6 55. c4 bxc4 56. Kc3 Rd5 57. Re1 f5 58. Kxc4 f4 59. Rf1 Rf5 60. Kd4 Ke6 61. Ke4 Re5+ 62. Kf3 Rb5 63. Rc1 Kd5 64. Rd1+ Ke6 65. Rc1 Kd6 66. Rd1+ Rd5 67. Rb1 Rf5 68. Ke4 Rf8 69. b5 c5 70. b6 f3 71. b7 f2 72. Ke3 Kc7 73. b8=Q+ Rxb8 74. Rc1 Rf8 75. Ke2 Kc6 76. Rf1 Kb5 77. Kd3 c4+ 78. Kc3 Kc5 79. Rxf2 Rxf2 1/2-1/2

[Event "RUS-ch Men Rapid 2019"]
[Site "Sochi"]
[Date "2019.10.15"]
[Round "2.17"]
[White "Morozevich, Alexander"]
[Black "Chos, Alexey"]
[Result "1-0"]
[ECO "A05"]
[WhiteElo "2550"]
[BlackElo "2296"]
[Annotator "ChessBase"]
[PlyCount "72"]
[EventDate "2019.10.15"]
[EventType "swiss"]
[EventCountry "RUS"]
[SourceTitle "playchess.com"]
[Source "ChessBase"]
[SourceQuality "1"]
[TimeControl "900+10"]

1. Nf3 Nf6 2. g3 g6 3. c4 Bg7 4. Nc3 O-O 5. Bg2 d6 6. O-O Nbd7 7. Rb1 a5 8. b3 e5 9. Ba3 Re8 10. Rc1 Nc5 11. d4 exd4 12. Nxd4 Nfe4 13. Nxe4 Nxe4 14. e3 c6 15. Qc2 Nc5 16. Rcd1 Qc7 17. Rd2 Bd7 18. Rfd1 Rad8 19. h3 Bc8 20. Bb2 f5 21. Ne2 Ne4 22. Bxg7 Qxg7 23. Rd4 Qe5 24. h4 Kf7 25. Nf4 Kf6 26. R1d3 Nc5 27. Rd2 Ke7 28. Nd3 Nxd3 29. Qxd3 Be6 30. f4 Qc5 31. Kh2 Bc8 32. Qc3 Kf7 33. a3 Qxa3 34. c5 Be6 35. cxd6 Qxb3 36. Qxa5 Rd7 1-0

[Event "RUS-ch Men Rapid 2019"]
[Site "Sochi"]
[Date "2019.10.15"]
[Round "2.18"]
[White "Nechaev, Oleg"]
[Black "Khismatullin, Denis"]
[Result "0-1"]
[ECO "A20"]
[WhiteElo "2371"]
[BlackElo "2550"]
[Annotator "ChessBase"]
[PlyCount "116"]
[EventDate "2019.10.15"]
[EventType "swiss"]
[EventCountry "RUS"]
[SourceTitle "playchess.com"]
[Source "ChessBase"]
[SourceQuality "1"]
[TimeControl "900+10"]

1. c4 e5 2. g3 Nc6 3. Bg2 Bc5 4. Nc3 d6 5. e3 a6 6. Nge2 Ba7 7. b3 h5 8. h3 h4 9. g4 f5 10. gxf5 Bxf5 11. d3 Nf6 12. a3 Qd7 13. Bb2 g5 14. Qd2 g4 15. hxg4 Bxg4 16. Ne4 Nxe4 17. Bxe4 O-O-O 18. O-O-O Rdf8 19. Rh2 Bf3 20. Bxf3 Rxf3 21. Rdh1 Qf7 22. Nc3 h3 23. Ne4 Qf5 24. b4 Ne7 25. Kb1 d5 26. Ng3 Qe6 27. cxd5 Nxd5 28. Ne4 Rg8 29. Qd1 Qf5 30. Qc2 Kb8 31. Qc4 Rd8 32. Ng3 Qg6 33. Ne4 Qh5 34. Ng3 Qe8 35. Ne4 Nb6 36. Qc2 Qh5 37. Ng3 Qf7 38. Bxe5 Nd5 39. Ne4 Bxe3 40. fxe3 Nxe3 41. Qxc7+ Qxc7 42. Bxc7+ Kxc7 43. Rxh3 Rxh3 44. Rxh3 Rxd3 45. Rh7+ Kc6 46. Ka2 Nc4 47. Rh6+ Kd5 48. Nf6+ Ke5 49. Ng4+ Kd4 50. b5 Rxa3+ 51. Kb1 Rb3+ 52. Kc2 Rb2+ 53. Kc1 Rxb5 54. Rh4 Kc3 55. Rh3+ Kb4 56. Rh4 Rc5 57. Ne3 Kb3 58. Nc2 Ne3 0-1

[Event "RUS-ch Men Rapid 2019"]
[Site "Sochi"]
[Date "2019.10.15"]
[Round "2.19"]
[White "Papin, Vasily"]
[Black "Mikhailovsky, Vladimir"]
[Result "1-0"]
[ECO "E62"]
[WhiteElo "2541"]
[BlackElo "2209"]
[Annotator "ChessBase"]
[PlyCount "103"]
[EventDate "2019.10.15"]
[EventType "swiss"]
[EventCountry "RUS"]
[SourceTitle "playchess.com"]
[Source "ChessBase"]
[SourceQuality "1"]
[TimeControl "900+10"]

1. d4 Nf6 2. c4 d6 3. Nc3 Nc6 4. Nf3 g6 5. g3 Bg7 6. Bg2 O-O 7. O-O Bf5 8. b3 Ne4 9. Nd5 Qd7 10. Bb2 Nf6 11. Re1 Rfe8 12. Ne3 Be4 13. Bf1 Bxf3 14. exf3 e5 15. d5 Ne7 16. Qc2 a5 17. a3 h5 18. Rad1 b6 19. h4 Nh7 20. Kh2 f5 21. Bh3 Rf8 22. Re2 g5 23. Rde1 g4 24. fxg4 hxg4 25. Bg2 f4 26. Be4 Nf6 27. Nf1 Nxe4 28. Qxe4 Rf7 29. Bc1 Nf5 30. Bb2 Raf8 31. Kg1 Qd8 32. b4 axb4 33. axb4 Qf6 34. Rc2 Qh6 35. c5 bxc5 36. bxc5 Qh5 37. cxd6 cxd6 38. Rec1 Bh6 39. Re1 f3 40. Rc4 Rg7 41. Qd3 Nxh4 42. gxh4 Qxh4 43. Ng3 Bf4 44. Rxf4 exf4 45. Nf5 Qh3 46. Ne7+ Kh8 47. Ng6+ Kg8 48. Ne7+ Kh8 49. Qf1 Qh4 50. Ng6+ Kg8 51. Nxh4 g3 52. Bxg7 1-0

[Event "RUS-ch Men Rapid 2019"]
[Site "Sochi"]
[Date "2019.10.15"]
[Round "2.20"]
[White "Drygalov, Andrey"]
[Black "Papenin, Nikolai"]
[Result "1-0"]
[ECO "B90"]
[WhiteElo "2538"]
[BlackElo "2295"]
[Annotator "ChessBase"]
[PlyCount "75"]
[EventDate "2019.10.15"]
[EventType "swiss"]
[EventCountry "RUS"]
[SourceTitle "playchess.com"]
[Source "ChessBase"]
[SourceQuality "1"]
[TimeControl "900+10"]

1. e4 c5 2. Nf3 d6 3. d4 cxd4 4. Nxd4 Nf6 5. Nc3 a6 6. Be3 e5 7. Nb3 Be7 8. f3 Be6 9. Qd2 O-O 10. O-O-O Nbd7 11. g4 b5 12. g5 b4 13. Ne2 Ne8 14. f4 a5 15. f5 a4 16. fxe6 axb3 17. cxb3 fxe6 18. Kb1 Rxa2 19. Kxa2 Qa8+ 20. Kb1 Qxe4+ 21. Qd3 Qxh1 22. Bh3 Qb7 23. Bxe6+ Kh8 24. g6 Nef6 25. Ng3 e4 26. Qe2 Ne5 27. gxh7 Ra8 28. Nf5 Bf8 29. Bd4 Re8 30. Bxe5 Rxe6 31. Bxd6 e3 32. Bxf8 Qe4+ 33. Qc2 e2 34. Re1 Nh5 35. Qxe4 Rxe4 36. Bd6 g6 37. Ng3 Rd4 38. Be5+ 1-0

[Event "RUS-ch Men Rapid 2019"]
[Site "Sochi"]
[Date "2019.10.15"]
[Round "2.21"]
[White "Gorbatov, Alexej"]
[Black "Zakhartsov, Vladimir"]
[Result "1/2-1/2"]
[ECO "B93"]
[WhiteElo "2355"]
[BlackElo "2527"]
[Annotator "ChessBase"]
[PlyCount "63"]
[EventDate "2019.10.15"]
[EventType "swiss"]
[EventCountry "RUS"]
[SourceTitle "playchess.com"]
[Source "ChessBase"]
[SourceQuality "1"]
[TimeControl "900+10"]

1. e4 c5 2. Nf3 d6 3. d4 Nf6 4. Nc3 cxd4 5. Nxd4 a6 6. f4 e5 7. Nf3 Qc7 8. Bd3 Nbd7 9. Qe2 b5 10. Bd2 Bb7 11. a4 b4 12. Na2 a5 13. c3 bxc3 14. Nxc3 Be7 15. Nb5 Qd8 16. b4 O-O 17. O-O d5 18. fxe5 dxe4 19. exf6 Nxf6 20. Bc4 exf3 21. gxf3 Bxb4 22. Bxb4 axb4 23. Qb2 Qb6+ 24. Qf2 Qa5 25. Bb3 Rad8 26. Rad1 h6 27. Kg2 Rxd1 28. Rxd1 Rd8 29. Qa7 Ba6 30. Rxd8+ Qxd8 31. Qxa6 Qd2+ 32. Kh3 1/2-1/2

[Event "RUS-ch Men Rapid 2019"]
[Site "Sochi"]
[Date "2019.10.15"]
[Round "2.22"]
[White "Bespalov, Konstantin"]
[Black "Golubov, Saveliy"]
[Result "0-1"]
[ECO "B06"]
[WhiteElo "2258"]
[BlackElo "2518"]
[Annotator "ChessBase"]
[PlyCount "96"]
[EventDate "2019.10.15"]
[EventType "swiss"]
[EventCountry "RUS"]
[SourceTitle "playchess.com"]
[Source "ChessBase"]
[SourceQuality "1"]
[TimeControl "900+10"]

1. e4 g6 2. Nc3 Bg7 3. g3 d6 4. Bg2 Nf6 5. Nge2 O-O 6. d3 e5 7. h3 Nc6 8. Be3 Be6 9. Qd2 d5 10. exd5 Nxd5 11. Bh6 Bxh6 12. Qxh6 Nd4 13. Qd2 c5 14. h4 Nb4 15. Nxd4 exd4 16. Ne4 Bd5 17. O-O f5 18. Ng5 Bxg2 19. Kxg2 Qd5+ 20. Kh2 Rae8 21. Rae1 Nc6 22. f4 h6 23. Nf3 Qxa2 24. h5 gxh5 25. Nh4 Qf7 26. Qg2 Nb4 27. Re5 Rxe5 28. fxe5 Qe6 29. Qxb7 Nxc2 30. Rc1 Ne3 31. Rxc5 f4 32. Qf3 fxg3+ 33. Qxg3+ Ng4+ 34. Kg1 Qf7 35. Rc1 Kh7 36. Qg2 Rg8 37. e6 Qxe6 38. Qe4+ Qxe4 39. dxe4 d3 40. Kf1 Rf8+ 41. Ke1 Rf2 42. Rc7+ Kg8 43. Nf5 Re2+ 44. Kf1 Nh2+ 45. Kg1 Nf3+ 46. Kf1 Nd2+ 47. Kg1 Nxe4 48. Kf1 Rf2+ {[%emt 0:00:02] b4} 0-1

[Event "RUS-ch Men Rapid 2019"]
[Site "Sochi"]
[Date "2019.10.15"]
[Round "2.23"]
[White "Vastrukhin, Oleg"]
[Black "Volovich, Vasily"]
[Result "1-0"]
[ECO "A00"]
[WhiteElo "2512"]
[BlackElo "2120"]
[Annotator "ChessBase"]
[PlyCount "85"]
[EventDate "2019.10.15"]
[EventType "swiss"]
[EventCountry "RUS"]
[SourceTitle "playchess.com"]
[Source "ChessBase"]
[SourceQuality "1"]
[TimeControl "900+10"]

1. g3 Nf6 2. Bg2 g6 3. c4 Bg7 4. Nc3 O-O 5. e3 c5 6. Nge2 Nc6 7. O-O d6 8. b3 Bf5 9. Bb2 Qd7 10. d4 Bh3 11. Bxh3 Qxh3 12. Nf4 Qf5 13. d5 Ne5 14. f3 a6 15. e4 Qd7 16. Ng2 Qc7 17. Ne3 Ned7 18. Qe2 Rab8 19. a4 Qb6 20. Qc2 Bh6 21. Ng2 e5 22. dxe6 fxe6 23. Rad1 Rbd8 24. f4 Nb8 25. e5 dxe5 26. fxe5 Rxd1 27. Rxd1 Nfd7 28. Ne4 Bg7 29. Rd6 Qc7 30. Nf4 Nxe5 31. Nxe6 Nf3+ 32. Kh1 Qf7 33. Bxg7 Ne1 34. Nf6+ Qxf6 35. Bxf6 Nxc2 36. Nxf8 Kxf8 37. Rd8+ Kf7 38. Rxb8 Kxf6 39. Rxb7 Ke5 40. Rxh7 Kd4 41. Rh6 Kc3 42. Rxg6 Kxb3 43. h4 1-0

[Event "RUS-ch Men Rapid 2019"]
[Site "Sochi"]
[Date "2019.10.15"]
[Round "2.24"]
[White "Belozerov, Andrei"]
[Black "Nazaryev, Sergey"]
[Result "1-0"]
[ECO "B15"]
[WhiteElo "2506"]
[BlackElo "2270"]
[Annotator "ChessBase"]
[PlyCount "62"]
[EventDate "2019.10.15"]
[EventType "swiss"]
[EventCountry "RUS"]
[SourceTitle "playchess.com"]
[Source "ChessBase"]
[SourceQuality "1"]
[TimeControl "900+10"]

1. e4 c6 2. d4 d5 3. Nd2 dxe4 4. Nxe4 Nf6 5. Nxf6+ exf6 6. c3 Bd6 7. Bd3 O-O 8. Qc2 Re8+ 9. Ne2 h5 10. Be3 Nd7 11. O-O Qc7 12. Ng3 Bxg3 13. hxg3 Nf8 14. Rfe1 Be6 15. c4 Rad8 16. Rad1 Bg4 17. f3 Bc8 18. Qf2 b6 19. Bc2 Be6 20. Bb3 Bf5 21. d5 cxd5 22. cxd5 Ng6 23. Ba4 Bd7 24. d6 Qb8 25. Bc2 Be6 26. Qd2 Qc8 27. Rc1 Qd7 28. Red1 Ne5 29. Bf4 Nc4 30. Qd4 Rc8 31. Bd3 Na5 1-0

[Event "RUS-ch Men Rapid 2019"]
[Site "Sochi"]
[Date "2019.10.15"]
[Round "2.25"]
[White "Kurbedinov, Ramis"]
[Black "Belyakov, Bogdan"]
[Result "0-1"]
[ECO "E63"]
[WhiteElo "2305"]
[BlackElo "2506"]
[Annotator "ChessBase"]
[PlyCount "70"]
[EventDate "2019.10.15"]
[EventType "swiss"]
[EventCountry "RUS"]
[SourceTitle "playchess.com"]
[Source "ChessBase"]
[SourceQuality "1"]
[TimeControl "900+10"]

1. Nf3 Nf6 2. c4 g6 3. Nc3 Bg7 4. d4 O-O 5. g3 d6 6. Bg2 Nc6 7. O-O a6 8. h3 Bd7 9. d5 Na5 10. Qd3 c5 11. Nd2 b5 12. Rb1 bxc4 13. Nxc4 Nxc4 14. Qxc4 Qc8 15. Kh2 Rb8 16. Qd3 Rb4 17. Qc2 Qb7 18. b3 Rb8 19. Bd2 Rb6 20. e4 h5 21. f4 Qc7 22. Rbe1 Qc8 23. e5 Bf5 24. Qd1 Ne8 25. e6 Nf6 26. exf7+ Kxf7 27. Ne4 Nxe4 28. Bxe4 c4 29. Be3 Rb4 30. Bxf5 Qxf5 31. g4 hxg4 32. hxg4 Qf6 33. bxc4 Rxc4 34. Kg3 Rb2 35. Re2 Rbb4 0-1

[Event "RUS-ch Men Rapid 2019"]
[Site "Sochi"]
[Date "2019.10.15"]
[Round "2.26"]
[White "Goryachkina, Aleksandra"]
[Black "Chizhikov, Vladislav"]
[Result "1-0"]
[ECO "C10"]
[WhiteElo "2504"]
[BlackElo "2273"]
[Annotator "ChessBase"]
[PlyCount "86"]
[EventDate "2019.10.15"]
[EventType "swiss"]
[EventCountry "RUS"]
[SourceTitle "playchess.com"]
[Source "ChessBase"]
[SourceQuality "1"]
[TimeControl "900+10"]

1. e4 e6 2. d4 d5 3. Nd2 dxe4 4. Nxe4 Nd7 5. g3 Ngf6 6. Nxf6+ Nxf6 7. Bg2 c5 8. Ne2 Qb6 9. O-O cxd4 10. Nxd4 Bd7 11. c3 Be7 12. Qb3 O-O-O 13. Bf4 Nd5 14. Bxd5 exd5 15. Qxd5 Bh3 16. Qc4+ Qc5 17. Qxc5+ Bxc5 18. Rfd1 Rhe8 19. Be3 Bxd4 20. cxd4 Kd7 21. d5 a6 22. Rd4 Rc8 23. a4 Re7 24. Rb4 Ke8 25. d6 Rd7 26. Rb6 Rc2 27. Rc1 Re2 28. a5 f6 29. Bc5 Kf7 30. Rb3 Ke6 31. Re3+ Rxe3 32. fxe3 Bf5 33. Kf2 Be4 34. b4 g5 35. Rc4 Bd5 36. Rd4 f5 37. g4 Bc6 38. gxf5+ Kxf5 39. h4 h6 40. Kg3 Be4 41. Rd2 Rg7 42. d7 gxh4+ 43. Kh2 Bc6 1-0

[Event "RUS-ch Men Rapid 2019"]
[Site "Sochi"]
[Date "2019.10.15"]
[Round "2.27"]
[White "Gurvich, Vitaly"]
[Black "Khegay, Dmitriy"]
[Result "0-1"]
[ECO "A40"]
[WhiteElo "2278"]
[BlackElo "2509"]
[Annotator "ChessBase"]
[PlyCount "92"]
[EventDate "2019.10.15"]
[EventType "swiss"]
[EventCountry "RUS"]
[SourceTitle "playchess.com"]
[Source "ChessBase"]
[SourceQuality "1"]
[TimeControl "900+10"]

1. d4 g6 2. c4 Bg7 3. e4 c5 4. d5 d6 5. Nf3 e6 6. Nc3 Ne7 7. Be2 a6 8. a4 h6 9. Be3 g5 10. h4 g4 11. Nd2 h5 12. Nf1 Ng6 13. Bg5 Bf6 14. Bxf6 Qxf6 15. g3 O-O 16. Ne3 Qe5 17. Bxg4 hxg4 18. h5 Ne7 19. Nxg4 Qd4 20. Qc1 f5 21. Qg5+ Qg7 22. Qxg7+ Kxg7 23. exf5 Nxf5 24. O-O-O Nd4 25. h6+ Kh8 26. f4 e5 27. Ne3 Nf5 28. Nxf5 Bxf5 29. fxe5 dxe5 30. g4 Bg6 31. Rde1 Nd7 32. Rhf1 Bd3 33. Rxf8+ Rxf8 34. Kd2 Bg6 35. b3 Rf4 36. g5 Rg4 37. d6 Rxg5 38. Nd5 Kh7 39. a5 Rg4 40. Kc3 Rd4 41. Rf1 Kxh6 42. Rh1+ Kg7 43. Rg1 Kf7 44. b4 Rd3+ 45. Kb2 cxb4 46. Rg5 Nc5 0-1